 Dungeon Crawl Stone Soup version 0.19-a0-1268-g6c5d9f8 (webtiles) character file.

403 Amnesiac the Chucker (level 6, -2/55 HPs)
             Began as an Ogre Arcane Marksman on Aug 29, 2016.
             Was a Believer of Fedhas.
             Slain by an ogre
             ... wielding a +0 giant club
              (30 damage)
             ... on level 4 of the Dungeon.
             The game lasted 00:06:19 (3590 turns).

Amnesiac the Chucker (Ogre Arcane Marksman)         Turns: 3590, Time: 00:06:20

Health: -2/55      AC:  3    Str: 17    XL:     6   Next: 86%
Magic:  7/7        EV:  8    Int: 12    God:    Fedhas [**....]
Gold:   162        SH: 10    Dex: 11    Spells: 1 memorised, 6 levels left

rFire  . . .     SeeInvis .     e - +2 dagger (speed)
rCold  . . .     Gourm    .     a - +0 robe
rNeg   . . .     Faith    .     q - +1 shield
rPois  .         Spirit   .     (helmet restricted)
rElec  .         Dismiss  .     (no cloak)
rCorr  +         Reflect  .     (gloves unavailable)
MR     .....     Harm     .     (boots unavailable)
Stlth  +.........               (no amulet)
                                (no ring)
                                o - ring of resist corrosion

@: no status effects
A: unfitting armour, tough skin 1
a: Evolution, Sunlight, Renounce Religion


You were on level 4 of the Dungeon.
You worshipped Fedhas.
Fedhas was pleased with you.
You were not hungry.

You visited 1 branch of the dungeon, and saw 4 of its levels.

You collected 162 gold pieces.

Inventory:

Hand Weapons
 e - a +2 dagger of speed (weapon)
Armour
 a - a +0 robe (worn)
 q - a +1 shield (worn)
Jewellery
 o - a ring of resist corrosion (left hand)
 u - a cursed amulet of guardian spirit {unknown}
Scrolls
 i - 3 scrolls of enchant armour
 j - 5 scrolls of recharging
 k - 2 scrolls of magic mapping {unknown}
 m - 5 scrolls of remove curse
 n - 5 scrolls of identify
 p - 2 scrolls of immolation {unknown}
 s - a scroll of fog {unknown}
 t - 2 scrolls of fear {unknown}
 v - 2 scrolls of teleportation {unknown}
Potions
 h - 2 potions of curing {unknown}
 l - 2 potions of heal wounds {unknown}
 r - 2 potions of brilliance
 w - a potion of degeneration {unknown}
Books
 b - a book of Debilitation

   Spells                             Type                      Level
   a - Corona                         Hexes                        1
   b - Slow                           Hexes                        2
   c - Gell's Gravitas                Hexes/Translocation          3
   d - Inner Flame                    Hexes/Fire                   3
   e - Cause Fear                     Hexes                        4
   f - Leda's Liquefaction            Hexes/Earth                  4
Comestibles
 f - 5 bread rations
 g - 4 meat rations
 z - a slice of pizza
 A - a royal jelly


   Skills:
 - Level 1.3 Fighting
 - Level 5.0 Throwing
 - Level 1.7 Dodging
 + Level 4.2 Shields
 - Level 1.2 Spellcasting
 - Level 2.1 Hexes


You had 6 spell levels left.
You knew the following spells:

 Your Spells              Type           Power        Failure   Level  Hunger
z - Corona                Hex            #......      38%         1    ##.....


Dungeon Overview and Level Annotations

Branches:
Dungeon (4/15)             Temple (0/1) D:4

Altars:
Ashenzari
Fedhas


Innate Abilities, Weirdness & Mutations

You are too large for most types of armour.
You have tough skin. (AC +1)


Message History

The ogre is heavily wounded.
The ogre struggles against the net.
The net rips apart, and the ogre comes free!
Throwing (i - inventory):
d - a throwing net (quivered)
Press: ? - help, Shift-Dir - straight line, f/p - ogre
Aim: an ogre, wielding a giant club (heavily wounded)
You throw a throwing net.
The throwing net barely misses the ogre.
The ogre closely misses you.
You barely miss the ogre.
The ogre is heavily wounded.
You hit the ogre.
The ogre is heavily wounded.
You block the ogre's attack.
You barely miss the ogre.
The ogre is heavily wounded.
The ogre hits you with a giant club!!
Ouch! That really hurt!
You die...
Fedhas appreciates your contribution to the ecosystem.

#........####
#........#
########........#
#...............#
#..........(....#
#..........######
#.........[#
#..........#
#..@.......#
#...O......#
#..........#
#..........#
#..........#
#.......(..#
############


You could see an ogre.

Vanquished Creatures
  Menkaure (D:4)
  A howler monkey (D:4)
  3 worker ants
  A hound skeleton (D:4)
  5 adders
  An ooze (D:1)
  2 adder skeletons (D:4)
  4 worms
  3 dart slugs
  3 giant geckos
  4 orcs
  4 giant cockroaches
  9 hobgoblins
  8 jackals
  7 kobolds
  A quokka (D:3)
  3 ball pythons
  A ball python skeleton (D:4)
  5 bats
  A giant gecko skeleton (D:4)
  5 giant newts
  7 goblins
  8 rats
87 creatures vanquished.

Vanquished Creatures (others)
  76 toadstools
76 creatures vanquished.

Grand Total: 163 creatures vanquished

Notes
Turn   | Place    | Note
-------+----------+-------------------------------------------
     0 | D:1      | Amnesiac the Ogre Arcane Marksman began the quest for the Orb.
     0 | D:1      | Reached XP level 1. HP: 19/19 MP: 2/2
    33 | D:1      | Found a blossoming altar of Fedhas.
    63 | D:1      | Became a worshipper of Fedhas Madash
   165 | D:1      | Reached XP level 2. HP: 19/27 MP: 3/3
   171 | D:1      | Reached skill level 3 in Throwing
   479 | D:1      | Reached * piety under Fedhas
   640 | D:1      | Reached XP level 3. HP: 24/33 MP: 4/4
  1133 | D:2      | Reached skill level 4 in Throwing
  1352 | D:2      | Reached XP level 4. HP: 26/41 MP: 5/5
  1451 | D:2      | Reached ** piety under Fedhas
  1520 | D:2      | Found a shattered altar of Ashenzari.
  2031 | D:3      | Reached skill level 5 in Throwing
  2031 | D:3      | Reached XP level 5. HP: 46/48 MP: 6/6
  2516 | D:4      | Reached skill level 1 in Shields
  2644 | D:4      | HP: 2/48 [poisoned by a worker ant]
  2916 | D:4      | Reached XP level 6. HP: 37/55 MP: 7/7
  2917 | D:4      | Noticed Menkaure
  2930 | D:4      | Killed Menkaure
  3483 | D:4      | Found a staircase to the Ecumenical Temple.
  3590 | D:4      | Slain by an ogre

Vault maps used:
D:1:      lemuel_arrival_broad_hall, minmay_hexomino_r4
D:2:      ashenzari_altar_1
D:4:      uniq_menkaure

Skill      XL: |  1  2  3  4  5  6 |
---------------+-------------------+-----
Throwing       | 3 4 5 |  5.0
Shields        | 2 4 |  4.2
Fighting       | |  1.3
Dodging        | |  1.7
Spellcasting   | |  1.2
Hexes          | |  2.1

Action                   |  1- 3 |  4- 6 || total
-------------------------+-------+-------++-------
Melee: Dagger            |   148 |   280 ||   428
Throw: Large rock        |       |    11 ||    11
       Throwing net      |       |     2 ||     2
  Use: Scroll            |       |     6 ||     6
 Stab: Sleeping          |     1 |       ||     1
  Eat: Chunk             |     1 |     8 ||     9
Armor: Robe              |    34 |    39 ||    73
Dodge: Dodged            |    47 |    67 ||   114
Block: Shield            |       |    56 ||    56
